 Dungeon Crawl Stone Soup version 0.30-a0-39-g42789b21ef (webtiles) character file.

Game seed: 18060272468625452997

253 drugrobin the Sneak (level 5, 0/46 HPs)
             Began as a Demigod Delver on Aug 28, 2022.
             Slain by a mummy (15 damage)
             ... in an ossuary.
             The game lasted 00:03:55 (2127 turns).

drugrobin the Sneak (Demigod Delver)                Turns: 2127, Time: 00:03:56

Health: 0/46       AC:  8    Str: 13    XL:     5   Next: 58%
Magic:  7/7        EV:  6    Int: 12    God:
Gold:   0          SH:  0    Dex: 19    Spells: 4/4 levels left

rFire   . . .      SeeInvis .    a - +0 short sword
rCold   . . .      Faith    .    (no shield)
rNeg    . . .      Spirit   .    h - +0 chain mail
rPois   .          Reflect  .    (no helmet)
rElec   .          Harm     .    (no cloak)
rCorr   .          Rampage  .    (no gloves)
Will    .....                    (no boots)
Stlth   ..........               (no amulet)
HPRegen 0.15/turn                (no ring)
MPRegen 0.10/turn                (no ring)

@: no status effects
A: high MP 1, forlorn, divine attributes
a: no special abilities


You were in an ossuary.
You visited 1 branch of the dungeon, and saw 1 of its levels.
You also visited: Ossuary.

Inventory:

Hand Weapons
 a - a +0 short sword (weapon)
Armour
 b - a +0 leather armour
 h - a +0 chain mail (worn)
Wands
 g - a wand of digging (3)
Scrolls
 c - a scroll of fog
 d - 2 scrolls of identify {unknown}
 e - a scroll of fear
 i - 2 scrolls of vulnerability {unknown}
 k - 2 scrolls of noise {unknown}
 l - a scroll of magic mapping
 m - a scroll of summoning {unknown}
 n - a scroll of enchant weapon {unknown}
 t - a scroll of immolation {unknown}
Potions
 f - 2 potions of haste
 o - a potion of mutation {unknown}
 p - 3 potions of might {unknown}
 q - a potion of brilliance {unknown}
 r - a potion of ambrosia {unknown}
 s - 2 potions of attraction {unknown}
 u - a potion of flight {unknown}


   Skills:
 - Level 3.6 Fighting
 + Level 3.5 Short Blades
 - Level 3.1 Dodging
 - Level 5.3 Stealth


You had 4 spell levels left.
You didn't know any spells.
Your spell library was empty.

Dungeon Overview and Level Annotations

Branches:
Dungeon (5/15)            Ossuary (1/1)
 Temple: D:4-7

Shops:
D:5 [


Innate Abilities, Weirdness & Mutations

You have an increased reservoir of magic. (+10% MP)
You shall have no god before yourself.
Your divine heritage dramatically boosts your attributes as you level up.


Message History

You open the door.
A goblin skeleton comes into view.
Unknown command.
There is an open door here.
You hit the goblin skeleton.
The goblin skeleton is severely damaged.
The goblin skeleton hits you but does no damage.
You hit the goblin skeleton.
You destroy the goblin skeleton!
There is an open door here.
As you open the door, it creaks loudly!
There is an open door here.
There is an open door here.
Could not explore, unopened door.
You open the door.
A mummy comes into view.
You hit the mummy.
The mummy is lightly damaged.
You hit the mummy.
The mummy is moderately damaged.
The mummy hits you!
You hit the mummy but do no damage.
The mummy is moderately damaged.
You hit the mummy.
The mummy is moderately damaged.
The mummy hits you!
You completely miss the mummy.
The mummy is moderately damaged.
You hit the mummy.
The mummy is heavily damaged.
The mummy hits you.
You barely miss the mummy.
The mummy is heavily damaged.
You completely miss the mummy.
The mummy is heavily damaged.
The mummy hits you!
You hit the mummy.
The mummy is heavily damaged.
The mummy hits you!
You die...

### ##+##
#.#
#...####
#M#
+...'..#
#@#
#...##.##
#.##
##'#+#..##
#..## #.#
##..##
##..##
#.## ##..#
##..# #..#
##.# ##.#
#.## ##'#
#'# #'#
##..#
##.####.#
##..##
##...##..#
#..##


You could see a mummy.

Vanquished Creatures
  A necrophage (D:5)
  A scorpion (D:5)
  8 mummies (Ossuary)
  An adder (D:5)
  A white imp (D:5)
  A gnoll skeleton (Ossuary)
  2 goblin skeletons (Ossuary)
  3 kobold skeletons (Ossuary)
  2 orc skeletons (Ossuary)
  11 rat skeletons (Ossuary)
31 creatures vanquished.

Notes
Turn   | Place    | Note
-------+----------+-------------------------------------------
     0 | D:5      | drugrobin the Demigod Delver began the quest for the Orb.
     0 | D:5      | Reached XP level 1. HP: 18/18 MP: 3/3
     4 | D:5      | Noticed a scorpion
    27 | D:5      | Found Oryorch's Antique Armour Emporium.
    33 | D:5      | Noticed a hound
   153 | D:5      | Noticed a necrophage
   157 | D:5      | Killed a necrophage
   158 | D:5      | Reached XP level 2. HP: 18/26 MP: 4/4
   158 | D:5      | Reached XP level 3. HP: 21/31 MP: 5/5
   163 | D:5      | Noticed a scorpion
   164 | D:5      | Noticed a scorpion
   170 | D:5      | Killed a scorpion
   171 | D:5      | Reached skill level 5 in Stealth
   171 | D:5      | Reached XP level 4. HP: 13/38 MP: 6/6
   257 | D:5      | Found a sand-covered staircase.
   267 | Ossuary  | Entered an ossuary
   756 | Ossuary  | Reached XP level 5. HP: 35/45 MP: 7/7
  2127 | Ossuary  | Slain by a mummy

Illustrated notes

Levels and vault maps discovered:
D:5:      layout_rooms, serial_shops, nicolae_square_shop,
          nicolae_ossuary_entry_monument
Ossuary:  ossuary_due_small_catacomb

Skill      XL: |  1  2  3  4  5 |
---------------+----------------+-----
Fighting       | 3 |  3.6
Short Blades   | 2 3 |  3.5
Dodging        | 2 3 |  3.1
Stealth        | 5 |  5.3

Action                   |  1- 3 |  4- 6 || total
-------------------------+-------+-------++-------
Melee: Short sword       |     4 |   195 ||   199
       Punch             |       |     3 ||     3
       Unarmed           |       |     2 ||     2
Evoke: Wand              |     6 |     2 ||     8
  Use: Scroll            |     1 |       ||     1
       Potion            |       |     2 ||     2
 Stab: Sleeping          |     1 |     1 ||     2
Armor: Chain mail        |       |    31 ||    31
       Leather armour    |       |     1 ||     1
       Skin              |       |     2 ||     2
Dodge: Dodged            |     1 |    33 ||    34

Table legend: (Time is in decaauts)
 A = Elapsed time spent in this place.
 B = Non-inter-level travel time spent in this place.
 C = Inter-level travel time spent in this place.
 D = Time resting spent in this place.
 E = Time spent auto-exploring this place.
 F = Levels seen in this place.
 G = Mean time per level.
                   A        B        C        D        E       F      G
               +--------+--------+--------+--------+--------+-----+--------+
         Total |   2115 |   2115 |      0 |   1574 |     54 |   2 | 1057.5 |
       Dungeon |    267 |    267 |      0 |    160 |      0 |   1 |  267.0 |
       Ossuary |   1848 |   1848 |      0 |   1414 |     54 |   1 | 1848.0 |
               +--------+--------+--------+--------+--------+-----+--------+

Top non-repeatable levels by time:
 Ossuary: 1848 daAuts
     D:5: 267 daAuts
